 Dungeon Crawl Stone Soup version 0.21-a0-351-g38363bb (webtiles) character file.

13873 nikopol the Cleaver (level 12, -2/106 HPs)
             Began as a Hill Orc Fighter on Oct 9, 2017.
             Slain by a cyan ugly thing (10 damage)
             ... on level 11 of the Dungeon.
             The game lasted 00:29:10 (14235 turns).

nikopol the Cleaver (Hill Orc Fighter)             Turns: 14235, Time: 00:29:11

Health: -2/106     AC: 11    Str: 27    XL:     12   Next: 10%
Magic:  12/12      EV: 11    Int:  8    God:
Gold:   756        SH: 15    Dex: 15    Spells: 11/11 levels left

rFire    + . .     SeeInvis .   T - +2 hand axe (flame)
rCold    + . .     Gourm    .   H - +2 shield
rNeg     . . .     Faith    .   b - +0 scale mail
rPois    .         Spirit   .   l - +0 helmet
rElec    .         Reflect  .   k - scarf {rC+ rF+}
rCorr    .         Harm     .   I - +0 pair of gloves
MR       .....                  (no boots)
Stlth    +.........             (no amulet)
HPRegen  0.27/turn              i - +3 ring of strength
MPRegen  0.13/turn              r - +5 ring of dexterity

@: no status effects
A: no striking features
a: no special abilities


You were on level 11 of the Dungeon.
You were hungry.

You visited 1 branch of the dungeon, and saw 11 of its levels.
You also visited: Ossuary.

You collected 756 gold pieces.

Inventory:

Hand Weapons
 a - a +1 war axe
 S - a +0 broad axe
 T - a +2 hand axe of flaming (weapon)
Missiles
 O - 15 tomahawks (quivered)
Armour
 b - a +0 scale mail (worn)
 k - a scarf of resistance (worn)
 l - a +0 helmet (worn)
 H - a +2 shield (worn)
 I - a +0 pair of gloves (worn)
Jewellery
 i - a +3 ring of strength (left hand)
 q - an uncursed ring of ice {unknown}
 r - a +5 ring of dexterity (right hand)
Wands
 y - a wand of flame (37/48)
 D - a wand of polymorph (8/24)
 G - a wand of flame (43/48)
 K - a wand of random effects (24/48)
 M - a wand of clouds (5/9)
 R - a wand of flame (12/48)
Scrolls
 e - a scroll of fear
 g - 8 scrolls of teleportation
 m - 3 scrolls of fog
 t - 7 scrolls of remove curse
 L - 2 scrolls of identify
 N - a scroll of recharging
 P - 2 scrolls of enchant weapon
Potions
 c - 4 potions of agility
 d - 2 potions of might
 h - a potion of resistance
 n - 3 potions of lignification
 o - 6 potions of heal wounds
 s - a potion of berserk rage {unknown}
 u - 2 potions of magic
 v - a potion of invisibility
 w - 2 potions of brilliance
 x - 3 potions of degeneration
 z - 4 potions of curing
 A - 3 potions of flight
 B - 3 potions of cancellation
 C - 2 potions of mutation
 J - a potion of haste
Comestibles
 f - 4 bread rations
 j - 16 chunks of flesh
 p - 23 fruits
 E - 9 meat rations
 Q - 5 royal jellies


   Skills:
 + Level 10.2 Fighting
 + Level 14.4 Axes
 + Level 1.2 Throwing
 + Level 9.9 Armour
 + Level 3.4 Dodging
 + Level 2.2 Stealth
 + Level 10.0 Shields


You had 11 spell levels left.
You didn't know any spells.

Dungeon Overview and Level Annotations

Branches:
Dungeon (11/15)            Temple (0/1) D:4            Lair (0/6) D:11
    Orc (0/2) D:11

Altars:
Ashenzari
Cheibriados
Gozag
Hepliaklqana
Kikubaaqudgha
Makhleb
Nemelex Xobeh
Ru

Shops:
D:10 :   D:11 =


Message History

You block the cyan ugly thing's attack.
You hit the cyan ugly thing. You burn the cyan ugly thing.
The cyan ugly thing is almost dead.
The centaur shoots an arrow.
You block the arrow. You block the cyan ugly thing's attack.
You closely miss the cyan ugly thing.
The cyan ugly thing is almost dead.
The centaur shoots an arrow.
The arrow completely misses you.
You hit the cyan ugly thing but do no damage.
The cyan ugly thing is almost dead.
The centaur shoots an arrow.
You block the arrow. The cyan ugly thing pecks you!
* * * LOW HITPOINT WARNING * * *
The cyan ugly thing shocks you!
* * * LOW HITPOINT WARNING * * *
You hit the cyan ugly thing. You burn the cyan ugly thing.
The cyan ugly thing is almost dead.
The centaur shoots an arrow.
The arrow barely misses you. The cyan ugly thing pecks you!
You die...

##....# ##...
##.....###.....
#.#.....#......
###.##...........
##.#..........$...
##.#..(............
##..#....(..../.....
##...........(.......
##............@.......
##.#...........u.c.....
#......................
##......................
........................
.
........................
#.
#.......................
#.
........................
#. .............. #.


You could see a cyan ugly thing and a centaur.

Vanquished Creatures
  A hydra (D:10)
  6 two-headed ogres
  2 trolls (D:10)
  A hornet (D:9)
  Grinder (D:4)
  Prince Ribbit (D:5)
  2 hippogriffs
  2 dream sheep (D:10)
  8 yaks
  2 hungry ghosts
  A steam dragon (D:11)
  2 insubstantial wisps (D:11)
  3 sky beasts (D:11)
  4 ice beasts
  6 orc warriors
  An eye of draining (D:6)
  2 phantoms (D:10)
  3 ogres
  2 necrophages
  5 centaurs
  3 elf zombies (Ossuary)
  5 big kobolds
  6 bullfrogs
  6 scorpions
  8 killer bees
  4 wights (D:9)
  3 howler monkeys
  2 crimson imps
  6 centaur zombies
  A quasit (D:5)
  8 hounds
  4 human zombies (Ossuary)
  2 jellies
  8 orc wizards
  2 gnoll shamans (D:6)
  4 orc priests
  A centaur skeleton (D:4)
  A bullfrog skeleton (D:5)
  6 worker ants
  Ijyb (D:3)
  2 iguanas
  A killer bee zombie (D:10)
  A hound zombie (D:5)
  3 mummies (Ossuary)
  12 adders
  3 gnolls (D:6)
  6 shadow imps
  2 oozes
  An adder skeleton (D:7)
  5 worms
  A dart slug (D:2)
  5 leopard geckos
  43 orcs
  3 giant cockroaches
  16 goblins
  17 hobgoblins
  6 jackals
  24 kobolds
  9 quokkas
  11 bats
  5 frilled lizards
  2 quokka zombies
  10 rats
  7 plants (D:6)
331 creatures vanquished.

Notes
Turn   | Place    | Note
-------+----------+-------------------------------------------
     0 | D:1      | nikopol the Hill Orc Fighter began the quest for the Orb.
     0 | D:1      | Reached XP level 1. HP: 19/19 MP: 1/1
   145 | D:1      | Reached XP level 2. HP: 27/27 MP: 2/2
   497 | D:1      | Reached skill level 3 in Axes
   569 | D:1      | Reached XP level 3. HP: 30/33 MP: 3/3
   891 | D:2      | Found a burning altar of Makhleb.
   899 | D:2      | Reached XP level 4. HP: 19/40 MP: 4/4
  1200 | D:2      | Reached skill level 4 in Axes
  1658 | D:2      | Found a snail-covered altar of Cheibriados.
  1927 | D:3      | Reached XP level 5. HP: 47/47 MP: 5/5
  1964 | D:3      | Noticed Ijyb
  1969 | D:3      | Killed Ijyb
  1969 | D:3      | Reached skill level 5 in Axes
  2425 | D:3      | Found a sacrificial altar of Ru.
  2596 | D:4      | Found a staircase to the Ecumenical Temple.
  2711 | D:4      | Reached XP level 6. HP: 45/53 MP: 6/6
  2799 | D:4      | Noticed Grinder
  2910 | D:4      | Paralysed by Grinder for 5 turns
  2919 | D:4      | Paralysed by Grinder for 5 turns
  3115 | D:4      | Paralysed by Grinder for 4 turns
  3128 | D:4      | Killed Grinder
  3128 | D:4      | Reached skill level 6 in Axes
  3128 | D:4      | Reached skill level 5 in Armour
  3128 | D:4      | Reached skill level 1 in Dodging
  3128 | D:4      | Reached XP level 7. HP: 25/60 MP: 7/7
  3433 | D:4      | Reached skill level 7 in Axes
  4265 | D:5      | Entered Level 5 of the Dungeon
  4323 | D:5      | Found a sparkling altar of Nemelex Xobeh.
  4427 | D:5      | Reached skill level 5 in Fighting
  4468 | D:5      | Reached skill level 8 in Axes
  4616 | D:5      | Noticed Prince Ribbit
  4636 | D:5      | Noticed a hippogriff
  4893 | D:5      | Killed Prince Ribbit
  4893 | D:5      | Reached XP level 8. HP: 32/68 MP: 8/8
  4894 | D:5      | Killed a hippogriff
  4894 | D:5      | Reached skill level 5 in Shields
  5105 | D:5      | Found an ancient bone altar of Kikubaaqudgha.
  5414 | D:5      | Reached skill level 1 in Stealth
  5670 | D:6      | Found a sand-covered staircase.
  5674 | Ossuary  | Entered an ossuary
  5723 | Ossuary  | Reached skill level 9 in Axes
  5858 | Ossuary  | Reached XP level 9. HP: 62/75 MP: 9/9
  5989 | Ossuary  | Reached skill level 10 in Axes
  6482 | D:6      | Found a hazy altar of Hepliaklqana.
  6483 | D:6      | Found an opulent altar of Gozag.
  6488 | D:6      | Found a shattered altar of Ashenzari.
  6973 | D:6      | Reached skill level 11 in Axes
  7391 | D:7      | Found the +0 Maxwell's etheric cage {RegenMP+ *Contam rElec MP+4}
  7905 | D:7      | Reached XP level 10. HP: 56/88 MP: 10/10
  8775 | D:8      | Noticed a two-headed ogre
  8930 | D:8      | Noticed a two-headed ogre
  8941 | D:8      | Killed a two-headed ogre
  9227 | D:8      | Reached skill level 12 in Axes
  9286 | D:8      | Killed a two-headed ogre
  9772 | D:8      | Noticed a two-headed ogre
  9781 | D:8      | Killed a two-headed ogre
 10000 | D:8      | Reached skill level 13 in Axes
 10592 | D:9      | Reached XP level 11. HP: 95/95 MP: 11/11
 10945 | D:9      | Found a burning altar of Makhleb.
 11278 | D:9      | Noticed a two-headed ogre
 11290 | D:9      | Killed a two-headed ogre
 11713 | D:10     | Entered Level 10 of the Dungeon
 11848 | D:10     | Reached skill level 1 in Throwing
 12401 | D:10     | Noticed a three-headed hydra
 12407 | D:10     | Killed a one-headed hydra
 12956 | D:10     | Reached skill level 14 in Axes
 13153 | D:10     | Found Qakofaho's Book Emporium.
 13204 | D:10     | Noticed a two-headed ogre
 13231 | D:10     | Killed a two-headed ogre
 13665 | D:11     | Found Faprarudd's Jewellery Shop.
 13851 | D:11     | Found a staircase to the Orcish Mines.
 14036 | D:11     | Reached skill level 10 in Fighting
 14036 | D:11     | Reached XP level 12. HP: 93/106 MP: 12/12
 14175 | D:11     | Noticed a two-headed ogre
 14177 | D:11     | Found a staircase to the Lair.
 14182 | D:11     | Killed a two-headed ogre
 14182 | D:11     | Reached skill level 10 in Shields
 14235 | D:11     | Slain by a cyan ugly thing

Vault maps used:
D:1:      lightli_arrival_chessboard
D:2:      lemuel_coloured_pillars_altar, makhleb_heckhound_becter
D:3:      hangedman_ru_absence, uniq_ijyb
D:4:      corexii_shantytown, minmay_temple_entry_from_below_a,
          minmay_misc_feat_iff, uniq_grinder
D:5:      kb_forest_paths, marbit_many_paths, first_bread, st_stairs_8,
          nemelex_altar_shiori, uniq_prince_ribbit1
D:6:      kennysheep_housing_project, gammafunk_temple_overflow_forgotten,
          enter_ossuary_5
D:9:      lemuel_doored_altar
D:10:     serial_shops, shop_statue, hangedman_ranch
D:11:     lair_entry_dummy, orc_0_dummy, serial_shops, shop,
          hangedman_misty_isle
Ossuary:  ossuary_minmay_four_chambers

Skill      XL: |  1  2  3  4  5  6  7  8  9 10 11 12 |
---------------+-------------------------------------+-----
Axes           | 3 4 5 6 8 9 11 13 14 | 14.4
Fighting       | 4 5 7 8 10 | 10.2
Armour         | 4 5 6 7 9 |  9.9
Shields        | 4 5 6 8 9 10 | 10.0
Dodging        | 1 2 3 |  3.4
Stealth        | 1 2 |  2.2
Throwing       | 1 |  1.2

Action                   |  1- 3 |  4- 6 |  7- 9 | 10-12 || total
-------------------------+-------+-------+-------+-------++-------
Melee: War axe           |    68 |   180 |   461 |   319 ||  1028
       Hand axe          |       |       |       |   195 ||   195
Throw: Tomahawk          |       |       |       |    26 ||    26
  Use: Scroll            |       |       |    16 |     7 ||    23
       Potion            |       |       |     2 |       ||     2
  Eat: Chunk             |       |     6 |    10 |    18 ||    34
       Meat ration       |       |       |     1 |       ||     1
       Royal jelly       |       |       |     1 |     1 ||     2
       Bread ration      |       |       |       |     1 ||     1
       Fruit             |       |       |       |     1 ||     1
Armor: Scale mail        |    26 |    82 |   107 |   109 ||   324
Dodge: Dodged            |    21 |    55 |   120 |   119 ||   315
Block: Shield            |    44 |    82 |   257 |   291 ||   674

Table legend:
 A = Spawn XP
 B = Non-spawn XP
 C = Spawn XP percentage of total XP
 D = Spawn monster count
 E = Non-spawn monster count
 F = Spawn count percentage of total count
 G = Total turns spent on level
                    A         B        C        D         E        F      G
               +---------+---------+-------+---------+---------+-------+---------
         Total |       0 |   19819 |   0.0 |       0 |     324 |   0.0 | 14235
               +---------+---------+-------+---------+---------+-------+---------
           D:1 |       0 |      40 |   0.0 |       0 |      22 |   0.0 |   828
           D:2 |       0 |     100 |   0.0 |       0 |      22 |   0.0 |   874
           D:3 |       0 |     107 |   0.0 |       0 |      22 |   0.0 |  1150
           D:4 |       0 |     608 |   0.0 |       0 |      52 |   0.0 |  1702
           D:5 |       0 |    1129 |   0.0 |       0 |      23 |   0.0 |  1176
           D:6 |       0 |    1622 |   0.0 |       0 |      40 |   0.0 |  1459
           D:7 |       0 |     973 |   0.0 |       0 |      14 |   0.0 |  1381
           D:8 |       0 |    3741 |   0.0 |       0 |      30 |   0.0 |  1488
           D:9 |       0 |    2317 |   0.0 |       0 |      19 |   0.0 |  1272
          D:10 |       0 |    5716 |   0.0 |       0 |      44 |   0.0 |  2041
          D:11 |       0 |    2730 |   0.0 |       0 |      21 |   0.0 |   481
       Ossuary |       0 |     736 |   0.0 |       0 |      15 |   0.0 |   383
               +---------+---------+-------+---------+---------+-------+---------
